 Dungeon Crawl Stone Soup version 0.30-a0-857-gcaf70739d4 (webtiles) character file.

Game seed: 420934400429317436

95 Firecrotchwizard the Magician (level 4, -1/34 HPs)
             Began as a Djinni Fire Elementalist on Mar 5, 2023.
             Slain by Duvessa
             ... wielding a +0 rapier
              (7 damage)
             ... on level 4 of the Dungeon.
             The game lasted 00:07:25 (2996 turns).

Firecrotchwizard the Magician (DjFE)                Turns: 2996, Time: 00:07:26

Health: -1/34      AC:  3    Str: 13    XL:     4   Next: 95%
Gold:   214        EV: 13    Int: 18    God:
                   SH:  0    Dex: 20

rFire   + + .      SeeInvis .    b - +0 dagger
rCold   x . .      Faith    .    (no shield)
rNeg    . . .      Spirit   .    a - +0 robe
rPois   ∞          Reflect  .    (no helmet)
rElec   .          Rampage  .    n - +0 cloak
rCorr   .                        (no gloves)
Will    .....                    (boots unavailable)
Stlth   ++                       (no amulet)
HPRegen 0.25/turn                q - +6 ring of dexterity
MPRegen 0.00/turn                r - +6 ring of strength

@: flying, very slightly contaminated
A: sickness immunity, fire resistance 2, cold vulnerability 1, float, innate
caster, HP casting, extra vitality 1
a: no special abilities


You were on level 4 of the Dungeon.
You visited 1 branch of the dungeon, and saw 4 of its levels.

You collected 214 gold pieces.

Inventory:

Hand Weapons
 b - a +0 dagger (weapon)
   (You took it off a kobold on level 1 of the Dungeon)
Missiles
 g - 2 silver boomerangs
 l - 2 javelins (quivered)
 s - 13 stones
 x - 6 poisoned darts
 z - a throwing net {!d}
 C - 6 boomerangs
Armour
 a - a +0 robe (worn)
 k - a +1 scale mail of willpower
   (You found it on level 1 of the Dungeon)
 n - a +0 cloak (worn)
   (You found it on level 1 of the Dungeon)
Jewellery
 q - a +6 ring of dexterity (left hand)
   (You found it on level 2 of the Dungeon)
 r - a +6 ring of strength (right hand)
   (You found it on level 2 of the Dungeon)
 B - a +6 ring of dexterity
   (You found it on level 3 of the Dungeon)
Scrolls
 d - 8 scrolls of identify {unknown}
 e - a scroll of teleportation {unknown}
 f - a scroll of amnesia {unknown}
 h - 2 scrolls of noise {unknown}
 i - 2 scrolls of enchant weapon {unknown}
 m - 2 scrolls of enchant armour {unknown}
 t - a scroll of brand weapon {unknown}
 u - 2 scrolls of blinking {unknown}
 v - a scroll of vulnerability {unknown}
 w - 3 scrolls of summoning {unknown}
 A - a scroll of fear {unknown}
Potions
 c - a potion of brilliance {unknown}
 j - 4 potions of curing {unknown}
 o - a potion of cancellation {unknown}
 p - a potion of heal wounds {unknown}
 y - a potion of might {unknown}


   Skills:
 + Level 2.8 Fighting
 - Level 2.1 Dodging
 - Level 1.5 Stealth
 + Level 3.3 Spellcasting


You knew the following spells:

 Your Spells              Type           Power      Damage    Failure   Level
a - Foxfire               Conj/Fire      60%        2x1d7     4%          1
b - Scorch                Fire           30%        2d6       6%          2
c - Kindle Blastsparks    Fire/Tloc/Air  30%        2d12      12%         3
d - Inner Flame           Hex/Fire       15%        N/A       12%         3
e - Flame Wave            Conj/Fire      15%        2d7       36%         4
g - Apportation           Tloc           30%        N/A       4%          1
Your spell library was empty.

Dungeon Overview and Level Annotations

Branches:
Dungeon (4/15)
 Temple: D:4-7

Altars:
Cheibriados

Annotations:
D:3 1 runed translucent door, Crazy Yiuf
D:4 Dowan, Duvessa


Innate Abilities, Weirdness & Mutations

You are immune to sickness and miasma.
You are immune to poison.
Your flesh is very heat resistant. (rF++)
You are vulnerable to cold. (rC-)
You float through the air rather than walking.
You learn spells naturally, not from books.
Your magical power is your life essence.
You have superior vitality. (+4 MHP)


Message History

The ball python constricts you. The ball python bites you.
The ball python constricts you.
You take 3 damage, and have 26/34 hp.
You hit the ball python.
The foxfire hits the ball python.
You kill the ball python!
The foxfire hits the bat.
The bat hits you but does no damage.
You conjure some foxfire!
The bat hits you but does no damage. The bat barely misses you.
You take 1 damage, and have 25/34 hp.
You hit the bat.
You kill the bat!
Unknown command.
d - 7 scrolls labelled UTEMILUUQO (gained 1)
d - 8 scrolls labelled UTEMILUUQO (gained 1)
Found a stone staircase leading down.
Health restored: 34
There is a stone staircase leading down here.
h - 2 scrolls labelled LOX BIUCABB (gained 1)
s - 13 stones (gained 5)
There is a stone staircase leading down here.
A bat comes into view.
The helpless bat fails to defend itself.
You puncture the bat!
You kill the bat!
You now have 204 gold pieces (gained 15).
A bat comes into view.
The bat closely misses you.
You hit the bat. The bat barely misses you.
You miss the bat. The bat hits you but does no damage.
The bat closely misses you. x2
You hit the bat.
You kill the bat!
You now have 214 gold pieces (gained 10).
You see here a +0 club.
There is a stone staircase leading down here.
You see here a +0 ring mail.
You're in a travel-excluded area, stopping explore.
Partly explored, can't reach some places.
(D) Dungeon
Where to? (Enter - D:2 @ (x,y), ? - help)
You see here a +0 dagger.
There is a stone staircase leading down here.
You fly downwards.
Found a short sword, 10 gold pieces and a scale mail.
Found a stone staircase leading down.
There is a stone staircase leading up here.
An orc is nearby!
Okay, then.
Okay, then.
You conjure some foxfire!
You take 1 damage, and have 33/34 hp.
The orc shouts!
The foxfire hits the orc. x2
You conjure some foxfire!
Flames lash the orc.
You kill the orc!
You take 2 damage, and have 31/34 hp.
A hobgoblin comes into view.
You conjure some foxfire!
The hobgoblin shouts!
You hear an angry hiss.
You hear a shout!
You take 1 damage, and have 31/34 hp.
You conjure some foxfire!
The foxfire hits the hobgoblin but does no damage.
The foxfire hits the hobgoblin.
The foxfire hits the hobgoblin.
You kill the hobgoblin!
Duvessa, Sister of Dowan comes into view.
She is wielding a +0 rapier.
You conjure some foxfire!
Duvessa drinks a potion.
Duvessa seems to speed up.
You take 1 damage, and have 31/34 hp.
You conjure some foxfire!
The foxfire hits Duvessa.
You take 1 damage, and have 30/34 hp.
You conjure some foxfire!
You conjure some foxfire!
You take 1 damage, and have 29/34 hp.
You miscast Foxfire.
You are very lightly contaminated with residual magic.
Nothing appears to happen.
A ball python comes into view.
The foxfire hits Duvessa.
You take 1 damage, and have 28/34 hp.
You conjure some foxfire!
The foxfire hits the ball python.
You kill the ball python!
Dowan, Brother of Duvessa comes into view.
He is wielding a +0 dagger and carrying a wand of flame (21).
You take 1 damage, and have 27/34 hp.
Flames lash Duvessa.
Duvessa's fire resistance burns away.
The foxfire hits Duvessa.
Duvessa is burned terribly!
The foxfire hits Duvessa but does no damage.
Duvessa barely misses you. Duvessa closely misses you.
You take 1 damage, and have 26/34 hp.
You conjure some foxfire!
Duvessa hits you with a +0 rapier.
You take 3 damage, and have 23/34 hp.
Flames lash Duvessa.
Duvessa is burned terribly!
The foxfire hits Duvessa but does no damage.
The foxfire hits Duvessa.
Duvessa is burned terribly!
Duvessa hits you with a +0 rapier!
* * * LOW HITPOINT WARNING * * *
Duvessa hits you with a +0 rapier!
You die...

#.[.†.. #.....#
#..... #.e.†
#... #.. #..
#e##....#
#@.......
#...).§......#
#........>..###
##..........#
##........##
....$.....#
###..#..#.##
##.######


You could see Duvessa (fast, combustible) and Dowan.

Vanquished Creatures
  2 adders (D:2)
  3 worms
  A dart slug (D:1)
  2 orcs
  4 ball pythons
  7 endoplasms
  2 giant cockroaches
  4 goblins
  9 hobgoblins
  5 kobolds
  A quokka (D:1)
  9 bats
  6 frilled lizards
  8 rats
63 creatures vanquished.

Vanquished Creatures (others)
  141 foxfires
  A plant (D:1)
142 creatures vanquished.

Grand Total: 205 creatures vanquished

Notes
Turn   | Place    | Note
-------+----------+-------------------------------------------
     0 | D:1      | Firecrotchwizard the Djinni Fire Elementalist began the
                  | quest for the Orb.
     0 | D:1      | Firecrotchwizard set off with the following spells
                  | memorised: Foxfire, Scorch, Kindle Blastsparks, Inner
                  | Flame, Flame Wave.
     0 | D:1      | Reached XP level 1. HP: 15/15 MP: 0/0
   153 | D:1      | Reached skill level 1 in Fighting
   153 | D:1      | Reached XP level 2. HP: 18/22 MP: 0/0
   384 | D:1      | Reached XP level 3. HP: 27/27 MP: 0/0
   384 | D:1      | Learned a level 1 spell: Apportation
   587 | D:1      | Found a faded altar of an unknown god.
   929 | D:2      | Reached skill level 2 in Fighting
   929 | D:2      | Reached skill level 3 in Spellcasting
  1130 | D:2      | Reached XP level 4. HP: 18/33 MP: 0/0
  1971 | D:3      | Found a snail-covered altar of Cheibriados.
  2854 | D:3      | Found a runed translucent door.
  2855 | D:3      | Noticed Crazy Yiuf
  2987 | D:4      | Noticed Duvessa
  2993 | D:4      | Noticed Dowan
  2996 | D:4      | HP: 6/34 [Duvessa/+0 rapier (15)]
  2996 | D:4      | Slain by Duvessa

Illustrated notes

Levels and vault maps discovered:
D:1:      dpeg_arrival_tiny_i, layout_loops_ring,
          hellmonk_ecumenical_altar_pennies_from_heaven,
          minmay_misc_feat_enclosed, serial_bayou_pond_a
D:2:      layout_basic, kennysheep_another_room, minmay_close_crescents
D:3:      layout_loops_ring, slow_altar_2, uniq_crazy_yiuf_cottage
D:4:      minmay_diamond_boxcup, layout_cave_pools, ashenzari_altar_1,
          mainiacjoe_overflow_six_doors_small, fedhas_altar_4,
          mainiacjoe_overflow_small_starburst, uniq_eustachio, uniq_duvessa

Skill      XL: |  1  2  3 |
---------------+----------+-----
Fighting       | 1 2 |  2.8
Spellcasting   | 3 |  3.3
Dodging        | |  2.1
Stealth        | |  1.5

Action                     |  1- 3 |  4- 6 || total
---------------------------+-------+-------++-------
  Melee: Dagger            |    28 |    41 ||    69
   Cast: Foxfire           |    44 |    37 ||    81
         Scorch            |       |     9 ||     9
   Stab: Sleeping          |     1 |     4 ||     5
 Armour: Scale mail        |    10 |       ||    10
         Robe              |     1 |    10 ||    11
  Dodge: Dodged            |     8 |    39 ||    47

Table legend: (Time is in decaauts)
 A = Elapsed time spent in this place.
 B = Non-inter-level travel time spent in this place.
 C = Inter-level travel time spent in this place.
 D = Time resting spent in this place.
 E = Time spent auto-exploring this place.
 F = Levels seen in this place.
 G = Mean time per level.
                   A        B        C        D        E       F      G
               +--------+--------+--------+--------+--------+-----+--------+
         Total |   2993 |   2838 |    155 |     46 |   2287 |   4 |  748.2 |
       Dungeon |   2993 |   2838 |    155 |     46 |   2287 |   4 |  748.2 |
               +--------+--------+--------+--------+--------+-----+--------+

Top non-repeatable levels by time:
     D:2: 1082 daAuts
     D:3: 970 daAuts
     D:1: 916 daAuts
     D:4: 24 daAuts

Table legend:
 A = Kills in this place as a percentage of kills in the entire game.
 B = Kills by you in this place as a percentage of kills by you in the entire game.
 C = Kills by friends in this place as a percentage of kills by friends in the entire game.
 D = Other kills in this place as a percentage of other kills in the entire game.
 E = Experience gained in this place as a percentage of experience gained in the entire game.
 F = Experience gained in this place divided by the number of levels of this place that you have seen.
                   A       B       C       D       E      F
               +-------+-------+-------+-------+-------+----------------------
         Total | 100.0 | 100.0 |   N/A |   N/A | 100.0 |  34.0
       Dungeon | 100.0 | 100.0 |   N/A |   N/A | 100.0 |  34.0
               +-------+-------+-------+-------+-------+----------------------
